 Dungeon Crawl Stone Soup version 0.17.0-26-gececa24 (webtiles) character file.

95 Zacharias the Shield-Bearer (level 4, -9/29 HPs)
             Began as a Gargoyle Fighter on Nov 20, 2015.
             Mangled by a gnoll
             ... wielding a +0 halberd
              (13 damage)
             ... on level 2 of the Dungeon.
             The game lasted 00:08:13 (1170 turns).

Zacharias the Shield-Bearer (Gargoyle Fighter)      Turns: 1170, Time: 00:08:13

Health: -9/29      AC: 11    Str: 21    XL:     4   Next: 66%
Magic:  4/4        EV:  7    Int:  8    God:
Gold:   5          SH:  9    Dex:  9    Spells: 0 memorised, 3 levels left

rFire  . . .     SeeInvis .     a - +0 flail
rCold  . . .     Clarity  .     b - +0 scale mail
rNeg   + . .     SustAt   .     c - +0 shield
rPois  ∞         Gourm    .     (no helmet)
rElec  +         Spirit   .     (no cloak)
rCorr  .         Warding  .     f - +0 pair of gloves
rMut   .         Stasis   .     (no boots)
MR     .....                    (no amulet)
Stlth  ..........               (no ring)
                                (no ring)

@: not resistant to hostile enchantments, extremely unstealthy
A: negative energy resistance 1, electricity resistance, unbreathing,
petrification resistance, rot immunity, AC +3
a: no special abilities


You were on level 2 of the Dungeon.
You were not hungry.

You visited 1 branch of the dungeon, and saw 2 of its levels.

You collected 5 gold pieces.

Inventory:

Hand Weapons
 a - a +0 flail (weapon)
 l - a +0 dagger
 n - a +0 dagger of speed
Armour
 b - a +0 scale mail (worn)
 c - a +0 shield (worn)
 f - a +0 pair of gloves (worn)
 p - a +0 ring mail
Scrolls
 g - a scroll of blinking {unknown}
 h - 2 scrolls of teleportation {unknown}
 i - 2 scrolls of fog {unknown}
 j - 2 scrolls of remove curse {unknown}
 o - a scroll of enchant armour {unknown}
 q - a scroll of identify {unknown}
 s - a scroll of fear {unknown}
Potions
 d - 4 potions of might
 k - a potion of curing {unknown}
 m - a potion of degeneration {unknown}
Comestibles
 e - 2 bread rations
 r - a chunk of flesh


   Skills:
 + Level 3.8 Fighting
 * Level 3.1 Maces & Flails
 + Level 3.8 Armour
 + Level 0.5 Dodging
 + Level 4.0 Shields


You had 3 spell levels left.
You didn't know any spells.

Dungeon Overview and Level Annotations

Branches:
Dungeon (2/15)

Altars:
Vehumet


Innate Abilities, Weirdness & Mutations

You are resistant to torment.
Your stone body is resilient (AC +3).
You are immune to poison.
You resist negative energy.
You are resistant to electric shocks.
You can survive without breathing.
You are immune to petrification.
You are immune to rotting.


Message History

The gnoll is heavily wounded.
The gnoll hits you but does no damage. The gnoll completely misses you.
Your shield and scale mail prevent you from hitting the gnoll.
The gnoll is heavily wounded.
The gnoll hits you but does no damage. You block the gnoll's attack.
You block the gnoll's attack.
You sock the gnoll!
You kill the gnoll!
The gnoll hits you from afar with a halberd!
The gnoll hits you from afar with a halberd.
You see here a gnoll corpse.
You sock the gnoll!
The gnoll is severely wounded.
The gnoll hits you but does no damage.
You barely miss the gnoll.
The gnoll is severely wounded.
The gnoll hits you with a halberd!
* * * LOW HITPOINT WARNING * * *
The gnoll hits you with a halberd!
You die...

#.#.# ##.
#.#.# ....
..... ....
#.#.#
#...#.#.#
##...#.#.#
.......g.##
....#....@%#
##.........##
.....#.##..#
.....#.##..#
......#.##..#
........#..#
.##.#.#..#..#
......#(....#
.........#..##


You could see a gnoll.

Vanquished Creatures
  2 gnolls (D:2)
  4 adders (D:2)
  An ooze (D:1)
  3 worms (D:2)
  A ball python (D:1)
  6 goblins
  5 hobgoblins
  A bat (D:1)
  2 giant newts (D:2)
  A kobold (D:1)
  5 rats
31 creatures vanquished.

Notes
Turn   | Place    | Note
--------------------------------------------------------------
     0 | D:1      | Zacharias the Gargoyle Fighter began the quest for the Orb.
     0 | D:1      | Reached XP level 1. HP: 14/14 MP: 1/1
   350 | D:1      | Reached XP level 2. HP: 19/19 MP: 2/2
   567 | D:2      | Reached XP level 3. HP: 14/23 MP: 3/3
   743 | D:2      | Found a radiant altar of Vehumet.
  1063 | D:2      | Reached XP level 4. HP: 26/29 MP: 4/4
  1141 | D:2      | Reached skill level 4 in Shields
  1170 | D:2      | Mangled by a gnoll

Action                   |  1- 3 |  4- 6 || total
-------------------------+-------+-------++-------
Melee: Flail             |    95 |    23 ||   118
  Eat: Chunk             |     1 |       ||     1
